AoeStats
← AloneArcher

Arena

510410238Analyzed
3v3 RM · 2d ago on Sep 30, 2026· 84m 21s· 6 players
Game mode
Random Map
Map size
Normal (6 player)
Population
200
Speed
Normal
Resources
Standard
Victory
Conquest
Starting age
Dark Age
Ending age
Imperial Age
RankedLock teamsTeams togetherTeam positionsShared explorationLock speedFull tech treeHidden civsTurbo modeCheats
Victory
Defeat
🇪🇸 Danes · Spain
775
+15
🇹🇷 Bohemians · Türkiye
768
+15
🇹🇷 Turks · Türkiye
765
+16
🇹🇷 Slavs · Türkiye
798
-17
🇺🇸 Varangians · United States
756
-15
🇺🇸 Byzantines · United States
719
-14
AloneArcher
12:08 Feudal Age
13:19 Double-Bit Axe
13:26 Gold Mining
13:19 Horse Collar
17:37 Castle Age
18:44 Bow Saw
19:24 Gold Shaft Mining
19:08 Stone Mining
23:37 Fletching
27:16 Heavy Plow
32:51 Imperial Age
35:57 Two-Man Saw
37:54 Heavy Camel Rider
42:34 Bloodlines
42:35 Scale Barding Armor
42:31 Scale Mail Armor
42:42 Forging
42:27 Bodkin Arrow
42:33 Padded Archer Armor
50:13 Wheelbarrow
51:35 Hand Cart
53:14 Chain Barding Armor
53:15 Chain Mail Armor
62:33 Conscription
68:57 Plate Barding Armor
68:58 Iron Casting
75:18 Caravan
Börü 𐰋𐰇𐰼𐰇
12:03 Feudal Age
10:27 Loom
17:08 Castle Age
15:45 Wheelbarrow
14:56 Loom
15:09 Double-Bit Axe
17:26 Fletching
17:38 Padded Archer Armor
19:23 Hand Cart
18:53 Horse Collar
25:15 Ballistics
25:20 Elite Skirmisher
28:44 Chemistry
28:53 Bodkin Arrow
30:18 Wagenburg Tactics
32:55 Heavy Plow
35:45 Imperial Age
34:36 Pikeman
35:17 Squires
35:03 Arson
35:28 Town Watch
36:01 Leather Archer Armor
35:57 Forging
37:15 Conscription
40:07 Houfnice
44:10 Elite Hussite Wagon
56:33 Bracer
57:03 Ring Archer Armor
57:09 Iron Casting
56:34 Scale Mail Armor
61:09 Halberdier
77:42 Caravan
82:05 Spies/Treason
22cmdeamor
10:23 Feudal Age
11:20 Horse Collar
13:00 Arson
18:07 Castle Age
17:31 Stone Mining
17:28 Double-Bit Axe
18:19 Gold Mining
20:19 Squires
20:05 Gambesons
20:25 Heavy Plow
22:12 Stone Shaft Mining
21:40 Loom
23:30 Bow Saw
23:58 Gold Shaft Mining
24:49 Wheelbarrow
26:46 Hamask
29:53 Forging
35:46 Imperial Age
35:22 Iron Casting
36:13 Elite Varangian Guard
57:56 Hand Cart
65:21 Pikeman
66:21 Halberdier
67:58 Elite Skirmisher
73:32 Blast Furnace
72:33 Scale Mail Armor
72:26 Fletching
75:15 Onager
81:22 Chain Mail Armor
Castle Drop Victim
0:29 Loom
13:07 Feudal Age
18:01 Castle Age
17:19 Double-Bit Axe
17:16 Horse Collar
18:49 Wheelbarrow
20:12 Bow Saw
22:20 Hand Cart
26:49 Heavy Plow
28:09 Caravan
28:25 Pikeman
30:23 Gold Mining
30:28 Stone Mining
31:42 Squires
31:32 Arson
33:44 Fletching
34:05 Forging
33:56 Scale Mail Armor
33:56 Padded Archer Armor
35:47 Ballistics
35:28 Bodkin Arrow
38:29 Imperial Age
36:45 Iron Casting
36:56 Gold Shaft Mining
36:57 Stone Shaft Mining
36:26 Treadmill Crane
37:05 Chain Mail Armor
38:12 Leather Archer Armor
39:59 Crop Rotation
40:32 Two-Man Saw
40:53 Chemistry
40:50 Plate Mail Armor
40:21 Bracer
40:28 Halberdier
42:35 Conscription
42:39 Elite Skirmisher
43:25 Thumb Ring
43:37 Fortified Wall
44:00 Ring Archer Armor
46:11 Hoardings
49:55 Murder Holes
golgi
10:39 Feudal Age
16:34 Castle Age
15:15 Double-Bit Axe
15:13 Horse Collar
16:06 Gold Mining
20:09 Padded Archer Armor
22:17 Town Watch
24:05 Bow Saw
25:34 Stone Mining
26:55 Heavy Plow
27:41 Gold Shaft Mining
28:17 Leather Archer Armor
27:52 Fletching
28:13 Forging
28:08 Scale Barding Armor
28:18 Murder Holes
29:34 Detinets
32:34 Imperial Age
31:00 Bloodlines
30:51 Husbandry
31:52 Wheelbarrow
31:02 Loom
31:27 Bodkin Arrow
32:35 Ballistics
32:51 Capped Ram
34:48 Chain Barding Armor
35:04 Iron Casting
34:50 Cavalier
35:50 Heavy Scorpion
37:22 Elite Boyar
43:55 Plate Barding Armor
44:20 Blast Furnace
MoncusJBAJ
11:38 Feudal Age
16:58 Castle Age
17:13 Loom
22:54 Scale Barding Armor
23:01 Forging
26:26 Iron Casting
25:52 Scale Mail Armor
30:48 Arson
40:27 Imperial Age
38:59 Chain Barding Armor
38:55 Chain Mail Armor
38:42 Double-Bit Axe
39:44 Gold Mining
40:44 Bow Saw
42:46 Two-Man Saw
41:23 Elite Varangian Guard
45:11 Ballistics
44:59 Siege Engineers
47:14 Elite Jarl
48:31 Town Watch
49:26 Wheelbarrow
49:06 Gothikon
50:29 Murder Holes
50:55 Ballistics
50:46 Masonry
51:55 Plate Barding Armor
52:05 Bloodlines
51:18 Cavalier
54:14 Plate Mail Armor
55:51 Blast Furnace
55:45 Vendel Legacy
55:46 Gothikon
57:19 Onager
65:55 Light Cavalry
66:36 Husbandry
66:38 Fletching
66:48 Padded Archer Armor
68:21 Bodkin Arrow
68:20 Stone Mining
69:21 Pikeman
70:02 Squires
Connection lost

Rejoining the realm…

Still unreachable

The connection could not be restored.

Session expired

The server has moved on; the page needs a fresh start.